 Dungeon Crawl Stone Soup version 0.22.1-2-g9c5b331383 (webtiles) character file.

1617 Knorr the Cleaver (level 8, -1/71 HPs)
             Began as a Minotaur Monk on Dec 31, 2018.
             Was a Priest of Qazlal.
             Slain by a six-headed hydra (9 damage)
             ... on level 8 of the Dungeon.
             The game lasted 00:30:46 (4364 turns).

Knorr the Cleaver (Minotaur Monk)                   Turns: 4364, Time: 00:30:51

Health: -1/71      AC: 13    Str: 16    XL:     8   Next: 64%
Magic:  7/7        EV: 12    Int:  7    God:    Qazlal [***...]
Gold:   311        SH:  9    Dex: 15    Spells: 7/7 levels left

rFire    . . .     SeeInvis .   a - +2 hand axe
rCold    . . .     Gourm    .   x - +0 buckler
rNeg     . . .     Faith    .   p - +0 scale mail
rPois    .         Spirit   .   (helmet restricted)
rElec    .         Reflect  .   D - +0 cloak
rCorr    .         Harm     .   (no gloves)
MR       .....                  (no boots)
Stlth    +.........             (no amulet)
HPRegen  0.21/turn              e - +2 ring of slaying
MPRegen  0.10/turn              g - +5 ring of protection

@: no status effects
A: retaliatory headbutt, horns 2
a: Upheaval, Elemental Force, Renounce Religion


You were on level 8 of the Dungeon.
You worshipped Qazlal.
Qazlal was most pleased with you.
You were not hungry.

You visited 3 branches of the dungeon, and saw 9 of its levels.

You collected 311 gold pieces.

Inventory:

Hand Weapons
 a - a +2 hand axe (weapon)
 y - a +0 arbalest
Missiles
 l - 2 javelins (quivered)
 m - 26 sling bullets
Armour
 b - a +1 robe
 f - a scarf of spirit shield
 p - a +0 scale mail (worn)
 x - a +0 buckler (worn)
 z - the +2 robe "Pagik Tosik" {*Corrode rF++ Slay+6, unknown}
   (You found it on level 8 of the Dungeon)

   It affects your accuracy and damage with ranged weapons and melee attacks
   (+6).
   It greatly protects you from fire.
   It may corrode you when you take damage.
 D - a +0 cloak (worn)
 F - a scarf of repulsion
Jewellery
 e - a +2 ring of slaying (left hand)
 g - a +5 ring of protection (right hand)
Wands
 s - a wand of clouds (9)
 w - a wand of flame (20)
Scrolls
 h - 3 scrolls of remove curse
 k - 3 scrolls of identify
 o - 2 scrolls of amnesia
 u - a scroll of immolation
 v - a scroll of noise
 B - a scroll of magic mapping
Potions
 d - a potion of curing {unknown}
 i - 3 potions of heal wounds {unknown}
 j - a potion of lignification {unknown}
 n - a potion of resistance {unknown}
 q - a potion of invisibility {unknown}
 t - a potion of ambrosia {unknown}
 A - a potion of agility {unknown}
 C - a potion of berserk rage {unknown}
Comestibles
 c - a ration
 G - 4 chunks of flesh


   Skills:
 + Level 6.5 Fighting
 + Level 9.7 Axes
 + Level 4.1 Armour
 + Level 5.5 Dodging
 + Level 2.6 Stealth
 + Level 2.1 Shields
 + Level 1.1 Invocations


You had 7 spell levels left.
You didn't know any spells.
Your spell library was empty.

Dungeon Overview and Level Annotations

Branches:
Dungeon (8/15)             Temple (1/1) D:4            Lair (1/6) D:8

Altars:
Ashenzari
Cheibriados
Dithmenos
Elyvilon
Fedhas
Gozag
Nemelex Xobeh
Okawaru
Qazlal
Ru
Uskayaw
Wu Jian
Xom
Yredelemnul

Shops:
D:5 ?


Innate Abilities, Weirdness & Mutations

You reflexively headbutt those who attack you in melee.
You have a pair of horns on your head.


Message History

Aiming: Throw Flame
Press: ? - help, Shift-Dir - straight line, f - six-headed hydra
Aim: a six-headed hydra (fleeing)
The puff of flame hits the six-headed hydra.
The six-headed hydra is lightly wounded.
Your attack snaps the six-headed hydra out of its fear.
That item cannot be evoked!
Evoke which item? (* to show all) (? for menu, Esc to quit)
Aiming: Throw Flame
Press: ? - help, Shift-Dir - straight line, f/p - six-headed hydra
Aim: a six-headed hydra (lightly wounded)
The puff of flame hits the six-headed hydra.
The six-headed hydra is lightly wounded.
The six-headed hydra bites you but does no damage.
You block the six-headed hydra's attack.
The six-headed hydra bites you.
* * * LOW HITPOINT WARNING * * *
The six-headed hydra bites you but does no damage. x2
The six-headed hydra bites you!
You die...

### .######.# ........#
#.######.# .....<.@.#
#.###.#.D# ##### .. #..#
....# .#####..# .....
..........>#
###.####.#..###...#######
..#.......#...##.........
..#.................#####
..#......##...#...#.#


You could see a six-headed hydra.

Vanquished Creatures
  A komodo dragon (D:8)
  A porcupine (D:8)
  An ice beast (D:5)
  2 sky beasts
  3 ogres (D:4)
  A big kobold (D:4)
  A bullfrog (D:8)
  A crimson imp (D:5)
  An orc priest (D:4)
  2 hounds (D:5)
  4 orc wizards
  An iguana (D:8)
  4 worker ants
  A worker ant zombie (D:6)
  4 gnolls (D:4)
  8 adders
  A shadow imp (D:5)
  An ooze (D:1)
  4 worms
  A dart slug (D:4)
  4 leopard geckos
  12 orcs
  4 bats
  2 giant cockroaches (D:4)
  2 goblins
  7 hobgoblins
  4 jackals (D:2)
  14 kobolds
  6 quokkas
  7 frilled lizards
  A leopard gecko skeleton (D:5)
  A leopard gecko zombie (D:5)
  A rat (D:3)
  A plant (D:2)
109 creatures vanquished.

Notes
Turn   | Place    | Note
-------+----------+-------------------------------------------
     0 | D:1      | Knorr the Minotaur Monk began the quest for the Orb.
     0 | D:1      | Reached XP level 1. HP: 19/19 MP: 0/0
    74 | D:1      | Reached XP level 2. HP: 27/27 MP: 1/1
   133 | D:1      | Reached skill level 4 in Axes
   481 | D:2      | Reached XP level 3. HP: 28/33 MP: 2/2
   482 | D:2      | Found a stormy altar of Qazlal.
   493 | D:2      | Became a worshipper of Qazlal Stormbringer
   493 | D:2      | Reached * piety under Qazlal
   493 | D:2      | Reached ** piety under Qazlal
   886 | D:2      | Reached XP level 4. HP: 36/40 MP: 3/3
  1205 | D:4      | Noticed an ogre
  1218 | D:4      | Killed an ogre
  1218 | D:4      | Reached skill level 5 in Fighting
  1218 | D:4      | Reached skill level 5 in Axes
  1218 | D:4      | Reached XP level 5. HP: 32/48 MP: 2/4
  1273 | D:4      | Noticed an ogre
  1285 | D:4      | Killed an ogre
  1285 | D:4      | Reached XP level 6. HP: 48/56 MP: 5/5
  1306 | D:4      | Reached skill level 6 in Axes
  1373 | D:4      | Reached *** piety under Qazlal
  1547 | D:4      | Reached skill level 5 in Dodging
  1644 | D:4      | Reached skill level 7 in Axes
  1649 | D:4      | Reached XP level 7. HP: 56/61 MP: 6/6
  2070 | D:4      | Found a staircase to the Ecumenical Temple.
  2077 | Temple   | Entered the Ecumenical Temple
  2527 | D:5      | Entered Level 5 of the Dungeon
  2687 | D:5      | Found a shadowy altar of Dithmenos.
  2696 | D:5      | Reached skill level 1 in Armour
  3023 | D:5      | Reached skill level 8 in Axes
  3028 | D:5      | Found Zir Zybiz's Magic Scroll Shoppe.
  3840 | D:6      | Reached XP level 8. HP: 46/70 MP: 5/7
  4093 | D:6      | Found a shimmering altar of Xom.
  4127 | D:6      | You fall through a shaft for 2 floors!
  4134 | D:8      | Got a fabulously ornate robe
  4176 | D:8      | Reached skill level 1 in Invocations
  4262 | D:8      | Reached skill level 9 in Axes
  4262 | D:8      | Reached skill level 1 in Shields
  4282 | D:8      | Found a staircase to the Lair.
  4291 | Lair:1   | Entered Level 1 of the Lair of Beasts
  4292 | Lair:1   | Noticed a six-headed hydra
  4295 | Lair:1   | Noticed a komodo dragon
  4309 | D:8      | Killed a komodo dragon
  4364 | D:8      | Slain by a six-headed hydra

Skill      XL: |  1  2  3  4  5  6  7  8 |
---------------+-------------------------+-----
Axes           | 4 5 7 8 9 |  9.7
Fighting       | 4 5 6 |  6.5
Dodging        | 4 5 |  5.5
Stealth        | 2 |  2.6
Armour         | 2 4 |  4.1
Invocations    | 1 |  1.1
Shields        | 2 |  2.1

Action                   |  1- 3 |  4- 6 |  7- 9 || total
-------------------------+-------+-------+-------++-------
Melee: Hand axe          |    92 |    72 |   150 ||   314
       Headbutt          |    18 |    16 |    19 ||    53
Invok: Upheaval          |       |       |     2 ||     2
Evoke: Wand              |       |       |     2 ||     2
  Use: Scroll            |     4 |     4 |     6 ||    14
       Potion            |     1 |       |       ||     1
 Stab: Sleeping          |     2 |       |       ||     2
  Eat: Chunk             |       |     2 |     4 ||     6
       Ration            |       |       |     2 ||     2
Armor: Robe              |     9 |     4 |       ||    13
       Scale mail        |       |    19 |    58 ||    77
Dodge: Dodged            |    52 |    57 |    56 ||   165
Block: Other             |     6 |     9 |     5 ||    20
       Buckler           |       |       |    33 ||    33
